 Dungeon Crawl Stone Soup version 0.27-a0-695-gb4952372f7 (webtiles) character file.

Game seed: 4116775111590860912

114 jestyr24 the Conjurer (level 4, -22/24 HPs)
             Began as a Deep Elf Conjurer on Mar 21, 2021.
             Killed from afar by Ijyb (24 damage)
             ... with a bolt of acid
             ... on level 3 of the Dungeon.
             The game lasted 00:12:29 (2548 turns).

jestyr24 the Conjurer (Deep Elf Conjurer)           Turns: 2548, Time: 00:12:30

Health: -22/24     AC: -2    Str:  4    XL:     4   Next: 67%
Magic:  2/11       EV: 12    Int: 24    God:
Gold:   43         SH:  0    Dex: 13    Spells: 7/10 levels left

rFire    . . .     SeeInvis .   l - +0 long sword
rCold    . . .     Faith    .   (no shield)
rNeg     . . .     Spirit   .   a - +0 robe
rPois    .         Reflect  .   (no helmet)
rElec    .         Harm     .   (no cloak)
rCorr    .         Rampage  .   (no gloves)
Will     .....                  (no boots)
Stlth    ++........             (no amulet)
HPRegen  0.08/turn              (no ring)
MPRegen  0.12/turn              (no ring)

@: corroded, very slightly contaminated
A: no striking features
a: no special abilities


You were on level 3 of the Dungeon.
You visited 1 branch of the dungeon, and saw 3 of its levels.

You collected 43 gold pieces.

Inventory:

Hand Weapons
 l - a +0 long sword (weapon)
Missiles
 d - 64 stones
 j - 4 boomerangs
Armour
 a - a +0 robe (worn)
Jewellery
 k - a ring of resist corrosion
Scrolls
 c - a scroll of amnesia {unknown}
 e - a scroll of brand weapon {unknown}
 f - 2 scrolls of identify {unknown}
 i - a scroll of enchant armour {unknown}
Potions
 g - a potion of degeneration {unknown}
 h - 2 potions of brilliance {unknown}


   Skills:
 + Level 0.5 Long Blades
 + Level 2.5 Dodging
 + Level 3.1 Stealth
 + Level 3.6 Spellcasting
 + Level 6.1 Conjurations


You had 7 spell levels left.
You knew the following spells:

 Your Spells              Type           Power      Damage    Failure   Level
a - Magic Dart            Conj           100%       1d8       1%          1
b - Searing Ray           Conj           66%        3d5       1%          2

Your spell library contained the following spells:

 Spells                   Type           Power      Damage    Failure   Level
 Dazzling Flash           Conj/Hex       38%        N/A       9%          3
 Fulminant Prism          Conj/Hex       9%         3d7       28%         4
 Iskenderun's Mystic Bla  Conj/Tloc      19%        2d6       28%         4
 Confusing Touch          Hex            4%         N/A       30%         3
 Gell's Gravitas          Tloc           2%         N/A       30%         3
 Petrify                  Tmut/Erth      4%         N/A       71%         4
 Metabolic Englaciation   Hex/Ice        2%         N/A       96%         5
 Yara's Violent Unravell  Hex/Tmut       2%         3d3       96%         5


Dungeon Overview and Level Annotations

Branches:
Dungeon (3/15)

Altars:
Cheibriados
Qazlal
Uskayaw
The Shining One

Annotations:
D:3 Ijyb


Message History

Aiming: Magic Dart (safe; 1% risk of failure)
Press: ? - help, Shift-Dir - straight line, f - Ijyb
Aim: Ijyb, wielding a +0 dagger, wearing a +0 scale mail and carrying a wand of acid (11) (wandering, hasn't noticed you, 0% to evade)
The magic dart hits Ijyb but does no damage.
Ijyb shouts!
Casting: Magic Dart (safe; 1% risk of failure)
Confirm with . or Enter, or press ? or * to list all spells.
Aiming: Magic Dart (safe; 1% risk of failure)
Press: ? - help, Shift-Dir - straight line, f/p - Ijyb
Aim: Ijyb, wielding a +0 dagger, wearing a +0 scale mail and carrying a wand of acid (11) (0% to evade)
The magic dart hits Ijyb.
Ijyb is lightly wounded.
Casting: Magic Dart (safe; 1% risk of failure)
Confirm with . or Enter, or press ? or * to list all spells.
You can't see any susceptible monsters within range! (Use Z to cast anyway.)
Casting: Magic Dart (safe; 1% risk of failure)
Confirm with . or Enter, or press ? or * to list all spells.
Aiming: Searing Ray (safe; 1% risk of failure)
Press: ? - help, Shift-Dir - straight line, f/p - Ijyb
Aim: Ijyb, wielding a +0 dagger, wearing a +0 scale mail and carrying a wand of acid (11) (lightly wounded, 22% to evade)
You miscast Searing Ray.
You are very lightly contaminated with residual magic.
Nothing appears to happen.
Casting: Searing Ray (safe; 1% risk of failure)
Confirm with . or Enter, or press ? or * to list all spells.
Aiming: Searing Ray (safe; 1% risk of failure)
Press: ? - help, Shift-Dir - straight line, f/p - Ijyb
Aim: Ijyb, wielding a +0 dagger, wearing a +0 scale mail and carrying a wand of acid (11) (lightly wounded, 22% to evade)
The searing ray hits Ijyb.
Ijyb is lightly wounded. (Press . to maintain the ray.)
The searing ray hits Ijyb!
Ijyb is moderately wounded.
Ijyb zaps a wand.
The bolt of acid hits you!
Ouch! That really hurt!
The acid corrodes you!
You are splashed with acid!
* * * LOW HITPOINT WARNING * * *
Ijyb zaps a wand.
The bolt of acid hits you!!
Ouch! That really hurt!
You die...

#..<.#.P..P##
#.#..#####..#
#.##.....#P.#
#.#..#####..#
#....#.P.PP##
#....##PPP# ##.###
#### .######..#
.......@.# ##
...#.#...##..##..#
.. #..)#..P.#..#
#.# #.g.##..##..#
# #...######.. ##
#...†...#.. ..
#.......#.#.#
#...........#
#.#†.)..<#.


You could see Ijyb.

Vanquished Creatures
  An adder (D:2)
  4 gnolls
  A shadow imp (D:2)
  2 dart slugs (D:2)
  A leopard gecko (D:2)
  A ball python (D:1)
  5 bats
  2 giant cockroaches (D:1)
  13 goblins
  10 hobgoblins
  3 kobolds
  2 quokkas
  3 frilled lizards
  3 rats
51 creatures vanquished.

Notes
Turn   | Place    | Note
-------+----------+-------------------------------------------
     0 | D:1      | jestyr24 the Deep Elf Conjurer began the quest for the Orb.
     0 | D:1      | Reached XP level 1. HP: 10/10 MP: 6/6
   169 | D:1      | Reached XP level 2. HP: 15/15 MP: 6/8
   308 | D:1      | Reached skill level 5 in Conjurations
   494 | D:1      | Learned a level 2 spell: Searing Ray
   515 | D:1      | Reached XP level 3. HP: 19/19 MP: 3/9
  1918 | D:2      | Found a stormy altar of Qazlal.
  1921 | D:2      | Found a snail-covered altar of Cheibriados.
  1921 | D:2      | Found a glowing golden altar of the Shining One.
  1921 | D:2      | Found a hide-covered altar of Uskayaw.
  1955 | D:2      | Reached XP level 4. HP: 24/24 MP: 6/11
  2002 | D:2      | Reached skill level 6 in Conjurations
  2371 | D:3      | Noticed Ijyb
  2548 | D:3      | Killed from afar by Ijyb

Illustrated notes

Levels and vault maps discovered:
D:1:      lightli_arrival_chessboard, layout_basic
D:2:      layout_loops_corners, grunt_temple_overflow_open,
          kennysheep_cluttered_room
D:3:      layout_loops_cross, serial_aquarium, aquarium_bridge_square
          [aquarium_subvault_window, aquarium_subvault_wall,
          aquarium_subvault_bridge, aquarium_subvault_wall],
          aquarium_bridge_square [aquarium_subvault_bridge,
          aquarium_subvault_wall, aquarium_subvault_window,
          aquarium_subvault_bridge], aquarium_window_1,
          aquarium_window_corridor_2, aquarium_window_double, aquarium_view_2d,
          aquarium_view_2c, aquarium_balcony_double_3, aquarium_pool_corner,
          serial_shops, nicolae_shop_crystal,
          nicolae_gozag_cash_rules_everything_around_me, uniq_ijyb,
          uniq_crazy_yiuf_cottage, uniq_natasha

Skill      XL: |  1  2  3  4 |
---------------+-------------+-----
Conjurations   | 5 6 |  6.1
Stealth        | 3 |  3.1
Long Blades    | |  0.5
Dodging        | |  2.5
Spellcasting   | |  3.6

Action                   |  1- 3 |  4- 6 || total
-------------------------+-------+-------++-------
Melee: Falchion          |    12 |       ||    12
       Long sword        |       |     2 ||     2
 Cast: Magic Dart        |    55 |     9 ||    64
       Searing Ray       |     6 |     9 ||    15
 Stab: Sleeping          |     2 |       ||     2
Armor: Robe              |     3 |     1 ||     4
Dodge: Dodged            |     9 |     4 ||    13
       Rpst.: Falchion   |     4 |       ||     4

Table legend: (Time is in decaauts)
 A = Elapsed time spent in this place.
 B = Non-inter-level travel time spent in this place.
 C = Inter-level travel time spent in this place.
 D = Time resting spent in this place.
 E = Time spent auto-exploring this place.
 F = Levels seen in this place.
 G = Mean time per level.
                   A        B        C        D        E       F      G
               +--------+--------+--------+--------+--------+-----+--------+
         Total |   2551 |   2410 |    141 |    166 |   1854 |   3 |  850.3 |
       Dungeon |   2551 |   2410 |    141 |    166 |   1854 |   3 |  850.3 |
               +--------+--------+--------+--------+--------+-----+--------+

Top non-repeatable levels by time:
     D:1: 1269 daAuts
     D:2: 1241 daAuts
     D:3: 41 daAuts
